 Dungeon Crawl Stone Soup version 0.28-a0-622-gbaef9634d7 (webtiles) character file.

Game seed: 11974232198986506114

6356 tilp the Arsonist (level 10, -6/45 HPs)
             Began as a Felid Fire Elementalist on Oct 7, 2021.
             Was an Elder of Vehumet.
             Mangled by an elephant (18 damage)
             ... on level 1 of the Lair of Beasts.
             The game lasted 00:30:19 (19288 turns).

tilp the Arsonist (Felid Fire Elementalist)        Turns: 19288, Time: 00:30:20

Health: -6/45      AC:  2    Str:  4    XL:     10   Next: 65%
Magic:  7/20       EV: 24    Int: 21    God:    Vehumet [****..]
Gold:   1421       SH:  0    Dex: 16    Spells: 11/21 levels left
                                        Lives:  0   Deaths: 2

rFire   . . .      SeeInvis +     - Unarmed
rCold   . . .      Faith    .   (shield unavailable)
rNeg    . . .      Spirit   .   (armour unavailable)
rPois   .          Reflect  .   (helmet unavailable)
rElec   .          Harm     .   (cloak unavailable)
rCorr   +          Rampage  .   (gloves unavailable)
Will    +....                   (boots unavailable)
Stlth   ++++......              (no amulet)
HPRegen 0.15/turn               f - +4 ring of evasion
MPRegen 0.17/turn               b - ring of resist corrosion

@: quick
A: very small, claws 1, fangs 3, see invisible, speed 1, shaggy fur 2, stealthy
paws, no weapons or thrown items, no armour, multi-lived
a: Renounce Religion


You were on level 1 of the Lair of Beasts.
You worshipped Vehumet.
Vehumet was greatly pleased with you.
You visited 3 branches of the dungeon, and saw 13 of its levels.

You collected 1421 gold pieces.

Inventory:

Jewellery
 b - a ring of resist corrosion (right paw)
 f - a +4 ring of evasion (left paw)
Wands
 i - a wand of iceblast (12)
 j - a wand of paralysis (7)
 m - a wand of acid (1)
 o - a wand of digging (2)
 p - a wand of mindburst (7)
 r - a wand of polymorph (2)
Scrolls
 d - 8 scrolls of teleportation
Potions
 a - a potion of brilliance
 c - 3 potions of lignification
 e - 2 potions of haste
 g - 3 potions of heal wounds
 h - a potion of cancellation {unknown}
 k - a potion of might {unknown}
 l - 7 potions of curing
 n - 2 potions of attraction
 q - a potion of flight {unknown}


   Skills:
 - Level 6.0 Fighting
 - Level 6.0 Dodging
 - Level 8.0 Stealth
 - Level 6.0 Unarmed Combat
 - Level 6.0 Spellcasting
 + Level 9.4 Conjurations
 + Level 9.4 Fire Magic
 - Level 6.0 Evocations


You had 11 spell levels left.
You knew the following spells:

 Your Spells              Type           Power      Damage    Failure   Level
a - Foxfire               Conj/Fire      100%       2x1d9     1%          1
b - Scorch                Fire           92%        2d9       1%          2
c - Conjure Flame         Conj/Fire      46%        6-21      1%          3
d - Flame Wave            Conj/Fire      46%        3d9       1%          4

Your spell library contained the following spells:

 Spells                   Type           Power      Damage    Failure   Level
 Olgreb's Toxic Radiance  Pois           6%         N/A       24%         4
 Inner Flame              Hex/Fire       26%        N/A       1%          3
 Freeze                   Ice            24%        1d5       2%          1
 Hailstorm                Conj/Ice       26%        3d7       4%          4
 Frozen Ramparts          Ice            12%        1d3       8%          3
 Irradiate                Conj/Tmut      13%        3d17      11%         5
 Corpse Rot               Necr/Air       N/A        N/A       14%         2
 Dispel Undead            Necr           6%         3d8       67%         4
 Ice Form                 Ice/Tmut       6%         N/A       67%         4
 Summon Ice Beast         Ice/Summ       6%         N/A       67%         4
 Blade Hands              Tmut           3%         N/A       95%         5
 Summon Forest            Summ/Tloc      3%         N/A       95%         5
 Summon Mana Viper        Hex/Summ       6%         N/A       95%         5
 Death Channel            Necr           3%         N/A       100%        6
 Summon Cactus Giant      Summ           3%         N/A       100%        6
 Dragon Form              Tmut           3%         N/A       100%        7
 Portal Projectile        Hex/Tloc       Unusable   N/A       N/A         3
 Excruciating Wounds      Necr           Unusable   N/A       N/A         5

Dungeon Overview and Level Annotations

Branches:
Dungeon (11/15)            Temple (1/1) D:5            Lair (1/6) D:9
    Orc: D:9-12

Altars:
Ashenzari
Cheibriados
Dithmenos
Elyvilon
Fedhas
Gozag
Hepliaklqana
Kikubaaqudgha
Makhleb
Nemelex Xobeh
Okawaru
Qazlal
Ru
Sif Muna
Trog
Uskayaw
Vehumet
Wu Jian
Xom
Yredelemnul
Zin
The Shining One
Beogh

Shops:
D:3 :

Annotations:
D:4 exclusion: steam dragon
D:7 2 runed translucent doors, sn0wgr3's ghost, novice GrFi
D:8 2 transporters, qborf's ghost, novice FeEn
D:9 flight vault, 3 runed translucent doors, sn0wgr3's ghost, novice MiFi
D:10 3 runed translucent doors, MirrMurr's ghost, novice SpEn


Innate Abilities, Weirdness & Mutations

You have sharp claws.
You have razor-sharp teeth.
You have supernaturally acute eyesight. (SInv)
You cover ground quickly. (Speed+)
You are covered in thick fur. (AC +2)
Your paws help you pounce on unaware monsters.
You are incapable of wielding weapons or throwing items.
You cannot wear armour.
You gain extra lives every three experience levels.


Message History

A wave of flame ripples out!
The flame wave engulfs the elephant!!
The elephant is almost dead.
The flame wave engulfs the elephant.
The elephant is severely wounded.
The flame wave engulfs the elephant!
The elephant is lightly wounded.
The elephant is engulfed in blazing flames.
The elephant barely misses you. x2; The elephant completely misses you.
The elephant trunk-slaps you.
Unknown command.
Unknown command.
Casting: Flame Wave (dangerous; 1% risk of failure)
Confirm with . or Enter, or press ? or * to list all spells.
Casting: Flame Wave (dangerous; 1% risk of failure)
Press: ? - help, Dir - look around, f - activate A wave of flame ripples out!
The flame wave engulfs the elephant!
The elephant is almost dead. (Press . to intensify the flame waves.) Unknown command.
Unknown command.
A wave of flame ripples out!
The flame wave engulfs the elephant but does no damage.
The elephant is almost dead.
The flame wave engulfs the elephant!
You kill the elephant!
Vehumet accepts your kill.
You feel your power returning.
The flame wave engulfs the elephant!
The elephant is heavily wounded.
The elephant tramples you.
* * * LOW HITPOINT WARNING * * *
You hold your ground!
The elephant trunk-slaps you.
* * * LOW HITPOINT WARNING * * *
Unknown command.
Unknown command.
A wave of flame ripples out!
The flame wave engulfs the elephant!
The elephant is almost dead.
The flame wave engulfs the elephant!
The elephant is severely wounded.
The elephant tramples you!!
You die...

##...........#
#...........##
#.............
###...........
##......##
##.....# ##..###
##.## #@Y# ##
##Y## #.##
##†..# #...P
#..### #.....
###.## #......
#....##.........
##.....§........
#.....YY.Y.....
#........Y......


You could see 2 elephants.

Vanquished Creatures
  Erica (D:8)
  2 two-headed ogres (D:8)
  Pikel (D:10)
  An ugly thing (D:11)
  A cyclops (D:11)
  3 elephants (Lair:1)
  Maurice (D:8)
  Joseph (D:10)
  2 cane toads (Lair:1)
  An unseen horror (D:10)
  A komodo dragon (Lair:1)
  A kobold demonologist (D:10)
  Psyche (D:8)
  A troll (D:9)
  13 yaks
  A wyvern (D:8)
  4 hogs (D:7)
  A human (D:7)
  2 steam dragons (D:9)
  10 vampire mosquitoes (D:11)
  A water moccasin (D:7)
  2 ice beasts
  3 orc warriors
  A sky beast (D:5)
  2 black bears
  An ogre (D:4)
  2 necrophages
  2 wolves (D:9)
  2 centaurs
  4 lemures (D:10)
  A kobold brigand (D:8)
  3 bullfrogs
  Blork the orc (D:4)
  A scorpion (D:5)
  9 killer bees
  9 wights (D:8)
  A howler monkey (D:8)
  2 electric eels (D:9)
  9 hounds
  5 centaur zombies
  2 jellies
  A bullfrog skeleton (D:6)
  A centaur skeleton (D:7)
  A gnoll shaman (D:5)
  2 orc priests (D:7)
  Crazy Yiuf (D:5)
  13 orc wizards
  A howler monkey zombie (D:6)
  12 gnolls
  6 adders
  3 white imps
  An ufetubus (D:6)
  2 adder skeletons
  A worm (D:4)
  3 dart slugs
  41 orcs
  8 ball pythons
  7 endoplasms
  5 giant cockroaches
  8 goblins
  3 hobgoblins
  6 jackals (D:1)
  8 quokkas
  7 bats
  3 frilled lizards
  8 kobolds
  2 rats
266 creatures vanquished.

Vanquished Creatures (others)
  81 foxfires
  2 plants (D:9)
83 creatures vanquished.

Grand Total: 349 creatures vanquished

Notes
Turn   | Place    | Note
-------+----------+-------------------------------------------
     0 | D:1      | tilp the Felid Fire Elementalist began the quest for the
                  | Orb.
     0 | D:1      | Reached XP level 1. HP: 7/7 MP: 4/4
   119 | D:1      | Reached skill level 1 in Conjurations
   361 | D:1      | Reached XP level 2. HP: 11/11 MP: 4/6
   687 | D:1      | Learned a level 2 spell: Scorch
  1130 | D:1      | Reached XP level 3. HP: 14/14 MP: 2/7
  2375 | D:2      | Found a sacrificial altar of Ru.
  2641 | D:2      | Reached XP level 4. HP: 18/18 MP: 3/8
  2642 | D:2      | Reached skill level 1 in Unarmed Combat
  3174 | D:2      | Learned a level 3 spell: Conjure Flame
  3606 | D:3      | Found a basalt altar of Yredelemnul.
  3841 | D:3      | Reached XP level 5. HP: 12/21 MP: 0/9
  4140 | D:3      | Reached skill level 1 in Fighting
  4198 | D:3      | Found Ucengoc's Book Shoppe.
  4327 | D:3      | Found a glowing golden altar of the Shining One.
  4994 | D:4      | Noticed an ogre
  5158 | D:4      | Noticed a necrophage
  5164 | D:4      | Killed a necrophage
  5165 | D:4      | Gained mutation: You are covered in thick fur. (AC +2)
                  | [Felid growth]
  5165 | D:4      | Reached XP level 6. HP: 26/26 MP: 1/10
  5730 | D:4      | Noticed a steam dragon
  5814 | D:4      | Found a white marble altar of Elyvilon.
  5923 | D:4      | Found a stormy altar of Qazlal.
  5992 | D:4      | Noticed Blork the orc
  5999 | D:4      | Killed Blork the orc
  6130 | D:5      | Entered Level 5 of the Dungeon
  6138 | D:5      | Found a staircase to the Ecumenical Temple.
  6149 | D:5      | Reached skill level 1 in Evocations
  6151 | D:5      | Reached XP level 7. HP: 30/30 MP: 2/11
  6152 | Temple   | Entered the Ecumenical Temple
  6339 | Temple   | Became a worshipper of Vehumet
  6836 | D:5      | Learned a level 4 spell: Flame Wave
  7373 | D:5      | Found a runed translucent door.
  7374 | D:5      | Noticed Crazy Yiuf
  7433 | D:5      | Killed Crazy Yiuf
  7524 | D:6      | Reached XP level 8. HP: 20/33 MP: 0/14
  7528 | D:6      | Reached skill level 5 in Fire Magic
  7874 | D:6      | Reached * piety under Vehumet
  7874 | D:6      | Offered knowledge of Magic Dart by Vehumet.
  7962 | D:6      | Identified the +5 rapier of World Downfall {vorpal, rPois
                  | Will+ Str-3}
  9105 | D:7      | Reached skill level 5 in Stealth
  9105 | D:7      | Reached XP level 9. HP: 37/37 MP: 1/16
  9351 | D:7      | Found a large runed translucent door.
  9352 | D:7      | Found a large runed translucent door.
  9353 | D:7      | Noticed sn0wgr3's ghost (novice GrFi)
  9545 | D:7      | Reached skill level 5 in Dodging
  9670 | D:7      | Reached skill level 5 in Unarmed Combat
  9675 | D:7      | HP: 1/38 [hog (11)]
 10233 | D:8      | Noticed Maurice
 10247 | D:8      | Killed Maurice
 10248 | D:8      | HP: 1/39 [poisoned by Maurice]
 10645 | D:8      | Found a transporter.
 11052 | D:8      | Noticed a two-headed ogre
 11076 | D:8      | Noticed a moth of wrath
 11079 | D:8      | Noticed qborf's ghost (novice FeEn)
 11092 | D:8      | Found a transporter.
 11151 | D:8      | Noticed Erica
 11154 | D:8      | You fall into a shaft and drop 2 floors!
 11154 | D:10     | Entered Level 10 of the Dungeon
 11169 | D:10     | Noticed Joseph
 11169 | D:10     | Noticed an unseen horror
 11209 | D:9      | Noticed Pikel
 11315 | D:9      | Noticed a kobold demonologist
 11436 | D:9      | Noticed a red devil
 11444 | D:10     | Killed a kobold demonologist
 11805 | D:10     | Killed Pikel
 11806 | D:10     | Reached skill level 5 in Conjurations
 12142 | D:9      | Found a shimmering blue altar of Sif Muna.
 12216 | D:9      | Found a runed translucent gate.
 12216 | D:9      | Found a runed translucent gate.
 12216 | D:9      | Found a runed translucent gate.
 12218 | D:9      | Noticed a nine-headed hydra
 12218 | D:9      | Noticed sn0wgr3's ghost (novice MiFi)
 12252 | D:7      | Reached XP level 10. HP: 11/42 MP: 10/17
 12658 | D:8      | Noticed a two-headed ogre
 12805 | D:8      | Killed Erica
 12862 | D:8      | Found Liwokkao's Jewellery Boutique.
 12914 | D:8      | Reached ** piety under Vehumet
 12914 | D:8      | Offered knowledge of Static Discharge by Vehumet.
 13086 | D:8      | Noticed Psyche
 13114 | D:8      | Killed Psyche
 13893 | D:8      | Found an ornate altar of the Wu Jian Council.
 13965 | D:8      | Killed a two-headed ogre
 14027 | D:8      | Killed a two-headed ogre
 14135 | D:8      | Identified a scroll of acquirement
 14135 | D:8      | Acquired 706 gold pieces
 14455 | D:9      | Reached skill level 5 in Fighting
 14735 | D:9      | Found an opulent altar of Gozag.
 15478 | D:9      | Found a staircase to the Lair.
 15520 | D:9      | Reached XP level 11. HP: 35/48 MP: 13/18
 16118 | D:10     | Offered knowledge of Poisonous Vapours by Vehumet.
 16306 | D:10     | Found a hazy altar of Hepliaklqana.
 16308 | D:10     | Found a shimmering altar of Xom.
 16308 | D:10     | Found a bloodstained altar of Trog.
 16310 | D:10     | Found a snail-covered altar of Cheibriados.
 16310 | D:10     | Found a hide-covered altar of Uskayaw.
 16310 | D:10     | Found a sparkling altar of Nemelex Xobeh.
 16631 | D:10     | Found a snail-covered altar of Cheibriados.
 16645 | D:10     | Found a runed translucent gate.
 16645 | D:10     | Found a runed translucent gate.
 16645 | D:10     | Found a runed translucent gate.
 16652 | D:10     | Noticed MirrMurr's ghost (novice SpEn)
 16888 | D:10     | Killed Joseph
 16888 | D:10     | Reached *** piety under Vehumet
 16889 | D:10     | Reached skill level 5 in Evocations
 17027 | D:11     | Noticed a two-headed ogre
 17700 | D:11     | HP: 1/48 [cyclops/large rock (47)]
 17703 | D:11     | Annihilated by a cyclops
 17704 | D:11     | Reached XP level 10. HP: -27/45 MP: 10/18
 17727 | D:11     | Offered knowledge of Olgreb's Toxic Radiance by Vehumet.
 17769 | D:11     | Killed a cyclops
 17770 | D:11     | Reached skill level 5 in Spellcasting
 17779 | D:11     | Noticed a cyan ugly thing
 17942 | D:11     | Killed a cyan ugly thing
 18581 | D:11     | Upgraded the game from 0.28-a0-620-g539b0f7ac7 to
                  | 0.28-a0-622-gbaef9634d7
 18660 | Lair:1   | Entered Level 1 of the Lair of Beasts
 18665 | Lair:1   | Noticed an elephant
 18666 | Lair:1   | Noticed a cane toad
 18667 | Lair:1   | Noticed an elephant
 18669 | Lair:1   | Slain by a yak
 18669 | Lair:1   | Noticed an elephant
 18670 | Lair:1   | Reached XP level 9. HP: -1/41 MP: 6/18
 18670 | Lair:1   | Reached XP level 10. HP: 45/45 MP: 19/19
 18889 | Lair:1   | Noticed a cane toad
 18894 | Lair:1   | Killed a cane toad
 18934 | Lair:1   | Noticed a cane toad
 18940 | Lair:1   | Killed a cane toad
 19263 | Lair:1   | Noticed an elephant
 19264 | Lair:1   | Noticed an elephant
 19282 | Lair:1   | Killed an elephant
 19282 | Lair:1   | Killed an elephant
 19282 | Lair:1   | Reached **** piety under Vehumet
 19287 | Lair:1   | Killed an elephant
 19288 | Lair:1   | Mangled by an elephant

Illustrated notes

Levels and vault maps discovered:
D:1:      wheals_arrival_linesprint, layout_basic, minmay_tall_x
D:2:      layout_rooms, basic_altar, chequers_serial_rivers_room_b
D:3:      layout_basic, tso_metal_star, marbit_many_paths, serial_shops,
          nicolae_shop_behind_doors
D:4:      layout_gridville, nicolae_elyvilon_peaceful_grove,
          nicolae_uskayaw_suspiria, lemuel_doored_altar, minmay_door_square,
          uniq_blork_the_orc
D:5:      layout_basic, minmay_temple_entry_mist, uniq_crazy_yiuf_cottage
D:6:      layout_rooms
D:7:      ebering_ghost_disaster_area, layout_basic, grunt_livestock
D:8:      layout_cave_pods, mainiacjoe_overflow_small_starburst, serial_glass,
          glass_columns_c, glass_columns_b, glass_columns_b, glass_columns_c,
          glass_columns_a, glass_columns_b, serial_shops, shop_coins,
          gammafunk_ghost_berserking_beasts, uniq_maurice, uniq_psyche,
          uniq_erica
D:9:      layout_rooms, mainiacjoe_overflow_alcove_2, led_sif_book,
          erik_lair_island, gammafunk_ghost_hydra_chop, uniq_pikel
D:10:     layout_basic, mainiacjoe_overflow_24_doors, doesnt_xom_only_xom,
          biasface_ghost_orc_armoury, uniq_joseph
D:11:     layout_cave_pools
Temple:   nicolae_temple_hex_pool
Lair:1:   layout_cave_pods, basic_altar

Skill      XL: |  1  2  3  4  5  6  7  8  9 10 11 |
---------------+----------------------------------+-----
Conjurations   | 1 2 3 4 5 9 |  9.4
Fire Magic     | 3 4 6 9 |  9.4
Unarmed Combat | 2 4 6 |  6.0
Stealth        | 3 4 5 8 |  8.0
Dodging        | 3 4 6 |  6.0
Fighting       | 1 2 4 5 6 |  6.0
Evocations     | 1 3 4 6 |  6.0
Spellcasting   | 3 4 6 |  6.0

Action                   |  1- 3 |  4- 6 |  7- 9 | 10-12 || total
-------------------------+-------+-------+-------+-------++-------
Melee: Unarmed           |     8 |    25 |    17 |    35 ||    85
       Bite              |       |     1 |       |     2 ||     3
       Punch             |       |       |       |     1 ||     1
 Cast: Foxfire           |    27 |     4 |    13 |    11 ||    55
       Scorch            |    33 |    77 |   147 |   120 ||   377
       Conjure Flame     |       |       |     1 |    13 ||    14
       Flame Wave        |       |       |     3 |    37 ||    40
Evoke: Wand              |       |     1 |     7 |    10 ||    18
  Use: Scroll            |     3 |     9 |     2 |     6 ||    20
 Stab: Paralysed         |       |     2 |     3 |     1 ||     6
       Sleeping          |       |       |     1 |     2 ||     3
Armor: Skin              |     2 |     1 |     6 |     7 ||    16
Dodge: Dodged            |    15 |    27 |    91 |   143 ||   276

Table legend: (Time is in decaauts)
 A = Elapsed time spent in this place.
 B = Non-inter-level travel time spent in this place.
 C = Inter-level travel time spent in this place.
 D = Time resting spent in this place.
 E = Time spent auto-exploring this place.
 F = Levels seen in this place.
 G = Mean time per level.
                   A        B        C        D        E       F      G
               +--------+--------+--------+--------+--------+-----+--------+
         Total |  17635 |  17065 |    570 |   6054 |   8873 |  13 | 1356.5 |
       Dungeon |  16876 |  16324 |    552 |   5858 |   8476 |  11 | 1534.2 |
        Temple |    178 |    161 |     17 |     98 |     51 |   1 |  178.0 |
          Lair |    580 |    580 |      0 |     98 |    345 |   1 |  580.0 |
               +--------+--------+--------+--------+--------+-----+--------+

Top non-repeatable levels by time:
     D:7: 2543 daAuts
     D:1: 2211 daAuts
    D:10: 1920 daAuts
     D:9: 1901 daAuts
     D:8: 1854 daAuts
     D:3: 1767 daAuts
    D:11: 1277 daAuts
     D:5: 1052 daAuts
     D:4: 1017 daAuts
     D:6: 722 daAuts
     D:2: 608 daAuts
  Lair:1: 580 daAuts
  Temple: 178 daAuts
